 Dungeon Crawl Stone Soup version 0.22-a0-77-g0fd0111 (webtiles) character file.

1868 oplop the Chiller (level 9, -1/59 HPs)
             Began as an Octopode Ice Elementalist on Jan 14, 2018.
             Was an Initiate of Cheibriados.
             Engulfed by a steam dragon's steam (17 damage)
             ... on level 7 of the Dungeon.
             The game lasted 00:14:37 (7235 turns).

oplop the Chiller (Octopode Ice Elementalist)       Turns: 7235, Time: 00:14:38

Health: -1/59      AC:  1    Str:  8    XL:     9   Next: 13%
Magic:  1/18       EV: 16    Int: 21    God:    Cheibriados [......]
Gold:   293        SH:  0    Dex: 16    Spells: 12/20 levels left

rFire    . . .     SeeInvis .   i - +0 dagger
rCold    . . .     Gourm    .   (no shield)
rNeg     . . .     Faith    .   (helmet restricted)
rPois    .         Spirit   .   (no amulet)
rElec    .         Reflect  .   s - +2 ring of intelligence
rCorr    .         Harm     .   (no ring)
MR       .....                  (no ring)
Stlth    +++.......             (no ring)
HPRegen  0.19/turn              (no ring)
MPRegen  0.16/turn              (no ring)
                                (no ring)
                                (no ring)

@: very slow
A: almost no armour, stealthy swim, amphibious, 8 rings, constrict 8, camouflage
1, gelatinous body 1
a: Bend Time, Renounce Religion


You were on level 7 of the Dungeon.
You worshipped Cheibriados.
Cheibriados was noncommittal.
You were not hungry.

You visited 1 branch of the dungeon, and saw 7 of its levels.

You collected 293 gold pieces.

Inventory:

Hand Weapons
 i - a +0 dagger (weapon)
Jewellery
 s - a +2 ring of intelligence (left tentacle)
Wands
 f - a wand of acid (3)
 o - a wand of flame (26)
 u - a wand of paralysis (12)
Scrolls
 c - a scroll of magic mapping {unknown}
 e - 9 scrolls of remove curse
 g - a scroll of enchant armour
 j - 2 scrolls of blinking {unknown}
 k - 2 scrolls of enchant weapon {unknown}
 l - 7 scrolls of identify {unknown}
 m - 3 scrolls of teleportation
 p - a scroll of amnesia {unknown}
Potions
 d - 2 potions of heal wounds
 h - 5 potions of curing {unknown}
 n - a potion of flight {unknown}
 q - a potion of brilliance {unknown}
 r - a potion of resistance {unknown}
Books
 a - a book of Frost

   Spells                             Type                      Level
   a - Freeze                         Ice                          1
   b - Throw Frost                    Conjuration/Ice              2
   c - Ozocubu's Armour               Charms/Ice                   3
   d - Throw Icicle                   Conjuration/Ice              4
   e - Summon Ice Beast               Ice/Summoning                4
Comestibles
 b - 5 rations


   Skills:
 + Level 4.3 Fighting
 + Level 4.8 Dodging
 - Level 2.6 Stealth
 * Level 6.2 Spellcasting
   Level 1.0 Conjurations
 - Level 2.0 Summonings
 * Level 7.2 Ice Magic


You had 12 spell levels left.
You knew the following spells:

 Your Spells              Type           Power        Failure   Level  Hunger
a - Freeze                Ice            ####         1%          1    None
b - Ozocubu's Armour      Chrm/Ice       ###.....     6%          3    #......
c - Summon Ice Beast      Ice/Summ       ####....     14%         4    ###....


Dungeon Overview and Level Annotations

Branches:
Dungeon (7/15)
 Temple: D:4-7

Altars:
Cheibriados
Elyvilon
Fedhas
Hepliaklqana
Makhleb
Qazlal
Trog
Yredelemnul
The Shining One

Annotations:
D:4 oplop's ghost, amateur OpIE
D:6 exclusions: wight and 1 more exclusion


Innate Abilities, Weirdness & Mutations

You cannot wear most types of armour.
You are very stealthy in the water. (Stealth+)
You are amphibious.
You can wear up to eight rings at the same time.
You can use your tentacles to constrict eight enemies at once.
Your skin changes colour to match your surroundings (Stealth+).
Your rubbery body absorbs attacks. (AC +1, EV +1)


Message History

Anything else - Cancel.
Gang up on whom?
Press: ? - help, Dir - move target cursor, f/p - orc
Aim: an orc, wearing a leather armour Attack!
The steam dragon breathes steam at you. The ball of steam hits your ice beast.
The ball of steam hits you!
You hear an angry hiss.
Your ice beast is engulfed in a cloud of scalding steam.
Your ice beast disappears in a puff of smoke!
Your magical contamination has completely faded away.
Casting: Freeze
Confirm with . or Enter, or press ? or * to list all spells.
A chill wind blows around you. The steam dragon breathes steam at you.
The ball of steam hits your ice beast. The ball of steam hits you!
* * * LOW HITPOINT WARNING * * *
You hear an angry hiss.
You are engulfed in a cloud of scalding steam.
You die...

#)### #)..#########
######..o).§.....#####
.........####D.......#
###.#.(.## #.##D###.#
#...... #.##§#
#.#...## #.##Y#
#.....# #.##§# ####>.#
#.##@###.# #..#
#..<.....# ...#
####.##### #.# #.# #.#
... ... ..


You could see a friendly ice beast.

Vanquished Creatures
  Sigmund (D:3)
  3 sky beasts
  3 bullfrogs
  A scorpion (D:4)
  A water moccasin skeleton (D:4)
  3 howler monkeys (D:4)
  An orc wizard (D:5)
  An iguana (D:4)
  Natasha (thrice) (D:2)
  Ijyb (D:3)
  4 worker ants
  5 gnolls
  3 adders
  5 oozes
  An adder skeleton (D:2)
  2 worms
  2 dart slugs (D:2)
  3 leopard geckos
  6 orcs
  5 giant cockroaches
  13 goblins
  10 hobgoblins
  6 jackals
  A quokka (D:4)
  A ball python (D:2)
  4 bats
  10 frilled lizards
  9 kobolds
  A rat (D:1)
  A fungus (D:6)
110 creatures vanquished.

Vanquished Creatures (collateral kills)
  Pikel (D:6)
  A slave (D:6)
  An orc warrior (D:7)
  A necrophage (D:6)
  An ogre (D:4)
  A wyvern skeleton (D:6)
  2 orc priests (D:7)
  A worker ant (D:4)
  An orc wizard (D:7)
  A leopard gecko (D:6)
  2 giant cockroaches
  A leopard gecko skeleton (D:4)
  A quokka skeleton (D:6)
15 creatures vanquished.

Vanquished Creatures (others)
  A slave (D:6)
  A wight (D:6)
  2 fungi (D:6)
4 creatures vanquished.

Grand Total: 129 creatures vanquished

Notes
Turn   | Place    | Note
-------+----------+-------------------------------------------
     0 | D:1      | oplop the Octopode Ice Elementalist began the quest for the Orb.
     0 | D:1      | Reached XP level 1. HP: 11/11 MP: 3/3
    85 | D:1      | Reached XP level 2. HP: 13/18 MP: 1/5
   423 | D:1      | Reached XP level 3. HP: 7/22 MP: 6/6
  1068 | D:2      | Reached skill level 1 in Fighting
  1170 | D:2      | HP: 1/23 [goblin/club (3)]
  1489 | D:2      | Learned a level 3 spell: Ozocubu's Armour
  1539 | D:2      | Reached XP level 4. HP: 14/28 MP: 0/8
  2862 | D:2      | Reached skill level 4 in Ice Magic
  2862 | D:2      | Reached XP level 5. HP: 33/33 MP: 2/9
  2998 | D:2      | Noticed Natasha
  3007 | D:2      | Killed Natasha
  3345 | D:2      | Noticed Natasha
  3356 | D:2      | Killed Natasha
  3401 | D:2      | Noticed Natasha
  3428 | D:2      | Killed Natasha
  3801 | D:3      | Reached XP level 6. HP: 39/39 MP: 7/11
  3818 | D:3      | Learned a level 4 spell: Summon Ice Beast
  3891 | D:3      | Reached skill level 1 in Summonings
  4215 | D:3      | Noticed Ijyb
  4225 | D:3      | Killed Ijyb
  4468 | D:3      | Noticed Sigmund
  4481 | D:3      | Killed Sigmund
  4481 | D:3      | Reached skill level 5 in Ice Magic
  4481 | D:3      | Reached XP level 7. HP: 33/45 MP: 3/13
  4884 | D:4      | Found a white marble altar of Elyvilon.
  5207 | D:4      | Reached XP level 8. HP: 46/52 MP: 6/15
  5313 | D:4      | Found a stormy altar of Qazlal.
  5315 | D:4      | Noticed an air elemental
  5315 | D:4      | Noticed a water elemental
  5632 | D:4      | Noticed oplop's ghost (amateur OpIE)
  5706 | D:5      | Entered Level 5 of the Dungeon
  6179 | D:5      | Reached skill level 5 in Spellcasting
  6179 | D:5      | Reached skill level 6 in Ice Magic
  6271 | D:5      | Found a glowing golden altar of the Shining One.
  6281 | D:5      | Found a hazy altar of Hepliaklqana.
  6284 | D:5      | Found a bloodstained altar of Trog.
  6285 | D:5      | Found a snail-covered altar of Cheibriados.
  6368 | D:5      | Became a worshipper of Cheibriados the Contemplative
  6767 | D:6      | Noticed Pikel
  6778 | D:6      | Killed Pikel
  6778 | D:6      | Reached XP level 9. HP: 38/58 MP: 3/18
  6779 | D:6      | Reached skill level 7 in Ice Magic
  6961 | D:6      | Found a blossoming altar of Fedhas.
  6964 | D:6      | Found a basalt altar of Yredelemnul.
  6970 | D:6      | Found a burning altar of Makhleb.
  7235 | D:7      | Engulfed by a steam dragon's steam

Vault maps used:
D:1:      scummos_arrival_gate
D:2:      uniq_natasha
D:3:      kennysheep_the_goblin_king, uniq_sigmund, uniq_ijyb
D:4:      old_standard_altar, first_ration, nicolae_qazlal_style_of_elements
D:5:      minitemple, lemuel_old_faithful
D:6:      lemuel_upstairs_altar, grunt_temple_overflow_diamond,
          minmay_gold_behind_fungi, minmay_misc_feat_doors, uniq_pikel
D:7:      gammafunk_steamed_eel, minmay_temple_entry_oklob, enter_bailey_3

Skill      XL: |  1  2  3  4  5  6  7  8  9 |
---------------+----------------------------+-----
Fighting       | 1 2 3 4 |  4.3
Spellcasting   | 3 4 6 |  6.2
Ice Magic      | 4 5 6 7 |  7.2
Dodging        | 3 4 |  4.8
Summonings     | 2 |  2.0
Stealth        | |  2.6
Conjurations   | |  1.0

Action                   |  1- 3 |  4- 6 |  7- 9 || total
-------------------------+-------+-------+-------++-------
Melee: Unarmed           |    84 |     5 |       ||    89
       Tentacles         |    15 |    10 |    25 ||    50
       Constrict         |    22 |    22 |    22 ||    66
       Dagger            |       |    70 |   118 ||   188
 Cast: Freeze            |    21 |    55 |    48 ||   124
       Ozocubu's Armour  |     1 |     8 |    16 ||    25
       Summon Ice Beast  |       |       |    14 ||    14
  Use: Potion            |       |     1 |       ||     1
       Scroll            |       |       |     3 ||     3
 Stab: Sleeping          |     8 |    10 |     8 ||    26
       Distracted        |       |       |     1 ||     1
  Eat: Ration            |     1 |     1 |     3 ||     5
       Chunk             |       |     6 |     4 ||    10
Armor: Skin              |    13 |    15 |    25 ||    53
Dodge: Dodged            |    74 |    67 |   109 ||   250

Table legend:
 A = Spawn XP
 B = Non-spawn XP
 C = Spawn XP percentage of total XP
 D = Spawn monster count
 E = Non-spawn monster count
 F = Spawn count percentage of total count
 G = Total turns spent on level
                    A         B        C        D         E        F      G
               +---------+---------+-------+---------+---------+-------+---------
         Total |       0 |    2669 |   0.0 |       0 |     123 |   0.0 |  7235
               +---------+---------+-------+---------+---------+-------+---------
           D:1 |       0 |      88 |   0.0 |       0 |      25 |   0.0 |  1882
           D:2 |       0 |     214 |   0.0 |       0 |      30 |   0.0 |  1834
           D:3 |       0 |     433 |   0.0 |       0 |      24 |   0.0 |  1233
           D:4 |       0 |     522 |   0.0 |       0 |      18 |   0.0 |   757
           D:5 |       0 |     349 |   0.0 |       0 |      11 |   0.0 |   688
           D:6 |       0 |     883 |   0.0 |       0 |      11 |   0.0 |   771
           D:7 |       0 |     180 |   0.0 |       0 |       4 |   0.0 |    70
               +---------+---------+-------+---------+---------+-------+---------
